 Dungeon Crawl Stone Soup version 0.26-a0-639-g72c4674329 (webtiles) character file.

Game seed: 15112800070574951928

137 Gottschkopf the Ruffian (level 5, -1/40 HPs)
             Began as a Draconian Transmuter on Sept 17, 2020.
             Slain by a gnoll
             ... wielding a +0 club
              (2 damage)
             ... on level 3 of the Dungeon.
             The game lasted 00:04:21 (2083 turns).

Gottschkopf the Ruffian (Draconian Transmuter)      Turns: 2083, Time: 00:04:22

Health: -1/40      AC:  5    Str: 12    XL:     5   Next: 0%
Magic:  7/8        EV: 12    Int: 15    God:
Gold:   85         SH:  0    Dex:  7    Spells: 2/8 levels left

rFire    . . .     SeeInvis .     - Unarmed
rCold    . . .     Faith    .   (no shield)
rNeg     . . .     Spirit   .   (armour unavailable)
rPois    .         Reflect  .   (helmet currently unavailable)
rElec    .         Harm     .   (no cloak)
rCorr    .         Rampage  .   (no gloves)
MR       .....                  (boots currently unavailable)
Stlth    +.........             (no amulet)
HPRegen  0.13/turn              j - -4 ring of dexterity (curse)
MPRegen  0.11/turn              (no ring)

@: appendages (expiring), wereblooded
A: unfitting armour, horns 2, talons 2, cold-blooded, AC +5
a: End Transformation


You were on level 3 of the Dungeon.
You had grown temporary horns.
You had grown temporary talons.
You visited 1 branch of the dungeon, and saw 3 of its levels.

You collected 85 gold pieces.

Inventory:

Jewellery
 j - a cursed -4 ring of dexterity (left hand)
Scrolls
 d - a scroll of teleportation
Potions
 a - a potion of heal wounds {unknown}
 b - a potion of might {unknown}
 c - 2 potions of magic
 e - a potion of ambrosia {unknown}
 i - a potion of mutation {unknown}


   Skills:
 - Level 1.1 Fighting
 - Level 1.7 Dodging
 - Level 4.3 Unarmed Combat
 - Level 2.0 Spellcasting
 * Level 3.6 Transmutations
 + Level 1.8 Poison Magic


You had 2 spell levels left.
You knew the following spells:

 Your Spells              Type           Power        Failure   Level
a - Beastly Appendage     Tmut           ##....       4%          1
b - Spider Form           Tmut/Pois      #.........   22%         3
c - Wereblood             Tmut           ##......     8%          2

Your spell library contained the following spells:

 Spells                   Type           Power        Failure   Level
 Ice Form                 Ice/Tmut       #.......     71%         4
 Blade Hands              Tmut           ##........   80%         5


Dungeon Overview and Level Annotations

Branches:
Dungeon (3/15)

Altars:
Ashenzari


Innate Abilities, Weirdness & Mutations

Your plain brown scales are hard. (AC +5)
You cannot fit into any form of body armour.
You are cold-blooded and may be slowed by cold attacks.
You have a pair of horns on your head.
You have razor-sharp toenails.


Message History

You hit the gnoll.
The gnoll is almost dead.
The gnoll hits you but does no damage.
You barely miss the gnoll.
The gnoll is almost dead.
The gnoll closely misses you.
You barely miss the gnoll.
You headbutt the gnoll, but do no damage.
The gnoll is almost dead.
You hit the gnoll but do no damage. You claw the gnoll, but do no damage.
The gnoll is almost dead.
The gnoll misses you.
The gnoll drinks a potion.
The gnoll seems to speed up.
You hit the gnoll but do no damage.
The gnoll is almost dead.
The gnoll hits you with a +0 club!
* * * LOW HITPOINT WARNING * * *
You hit the gnoll but do no damage.
The gnoll is almost dead.
The gnoll hits you with a +0 club.
You die...

#.# #..# #.# ##.##
##+####..# .........##.# #
..........#.# # .#
........#.#.# #.#####.# .
........#.#.# #.......#...
........#...######†.......
........##..##..@gg.......
........##..##.###.....#..
###........>##.# #.....#
#.#######....# +.....# #.
#.#### #.....# #. #.#
#.....# #+# #.......
#.......


You could see 2 gnolls.

Vanquished Creatures
  2 orc wizards (D:3)
  3 adders
  2 oozes
  4 orcs
  A ball python (D:3)
  A giant cockroach (D:1)
  6 goblins
  4 hobgoblins
  4 jackals
  A quokka (D:2)
  3 bats
  2 frilled lizards
  6 kobolds
  7 rats
46 creatures vanquished.

Notes
Turn   | Place    | Note
-------+----------+-------------------------------------------
     0 | D:1      | Gottschkopf the Draconian Transmuter began the quest for
                  | the Orb.
     0 | D:1      | Reached XP level 1. HP: 16/16 MP: 3/3
    47 | D:1      | Reached XP level 2. HP: 23/23 MP: 3/5
   585 | D:1      | Reached skill level 4 in Unarmed Combat
   917 | D:1      | Reached XP level 3. HP: 21/28 MP: 4/6
   923 | D:1      | Learned a level 3 spell: Spider Form
   926 | D:1      | Learned a level 2 spell: Wereblood
  1198 | D:2      | Found a shattered altar of Ashenzari.
  1510 | D:2      | Reached skill level 1 in Poison Magic
  1510 | D:2      | Reached XP level 4. HP: 27/35 MP: 3/7
  1900 | D:3      | Reached XP level 5. HP: 9/40 MP: 2/8
  2082 | D:3      | HP: 1/40 [gnoll/+0 club (9)]
  2083 | D:3      | Slain by a gnoll

Illustrated notes

Levels and vault maps discovered:
D:1:      mrwooster_arrival_statue_2, layout_rooms
D:2:      layout_rooms, evilmike_ruin_ashenzari, kennysheep_generic_room_10
D:3:      layout_basic

Skill      XL: |  1  2  3  4 |
---------------+-------------+-----
Unarmed Combat | 4 |  4.3
Poison Magic   | 1 |  1.8
Transmutations | 3 |  3.6
Fighting       | |  1.1
Dodging        | |  1.7
Spellcasting   | |  2.0

Action                   |  1- 3 |  4- 6 || total
-------------------------+-------+-------++-------
Melee: Unarmed           |   124 |    47 ||   171
       Kick              |    20 |    10 ||    30
       Tailslap          |     9 |     2 ||    11
       Headbutt          |     8 |     9 ||    17
       Punch             |     1 |       ||     1
 Cast: Beastly Appendage |    24 |     4 ||    28
       Wereblood         |     2 |     3 ||     5
  Use: Scroll            |       |     5 ||     5
Armor: Skin              |    45 |    10 ||    55
Dodge: Dodged            |    97 |    28 ||   125

Table legend: (Time is in decaauts)
 A = Elapsed time spent in this place.
 B = Non-inter-level travel time spent in this place.
 C = Inter-level travel time spent in this place.
 D = Time resting spent in this place.
 E = Time spent auto-exploring this place.
 F = Levels seen in this place.
 G = Mean time per level.
                   A        B        C        D        E       F      G
               +--------+--------+--------+--------+--------+-----+--------+
         Total |   2070 |   1996 |     74 |    442 |   1210 |   3 |  690.0 |
       Dungeon |   2070 |   1996 |     74 |    442 |   1210 |   3 |  690.0 |
               +--------+--------+--------+--------+--------+-----+--------+

Top non-repeatable levels by time:
     D:1: 999 daAuts
     D:2: 822 daAuts
     D:3: 247 daAuts
